 Dungeon Crawl Stone Soup version 0.26-a0-672-g1df16c3386 (webtiles) character file.

Game seed: 14571622959374826389

39 strifetoe the Magician (level 3, -1/27 HPs)
             Began as a Palentonga Hedge Wizard on Oct 19, 2020.
             Slain by a gnoll
             ... wielding a +0 halberd
              (4 damage)
             ... on level 2 of the Dungeon.
             The game lasted 00:01:16 (1108 turns).

strifetoe the Magician (Palentonga Hedge Wizard)    Turns: 1108, Time: 00:01:16

Health: -1/27      AC:  4    Str: 14    XL:     3   Next: 28%
Magic:  7/7        EV: 10    Int: 14    God:
Gold:   25         SH:  0    Dex:  9    Spells: 7/8 levels left

rFire    . . .     SeeInvis +   m - +0 spear
rCold    . . .     Faith    .   (no shield)
rNeg     . . .     Spirit   .   b - +0 robe
rPois    .         Reflect  .   c - +0 hat
rElec    .         Harm     .   (no cloak)
rCorr    .         Rampage  .   (no gloves)
MR       .....                  (no barding)
Stlth    +.........             (no amulet)
HPRegen  0.09/turn              (no ring)
MPRegen  0.10/turn              (no ring)

@: no status effects
A: large, rugged brown scales 3, see invisible, deformed body, roll, armoured
tail
a: Rolling Charge


You were on level 2 of the Dungeon.
You visited 1 branch of the dungeon, and saw 2 of its levels.

You collected 25 gold pieces.

Inventory:

Hand Weapons
 a - a +0 dagger
 m - a +0 spear (weapon)
Armour
 b - a +0 robe (worn)
 c - a +0 hat (worn)
Scrolls
 e - 2 scrolls of blinking {unknown}
 f - a scroll of teleportation {unknown}
 g - a scroll of enchant weapon {unknown}
 j - a scroll of identify {unknown}
 k - a scroll of enchant armour {unknown}
 l - a scroll of immolation {unknown}
 n - a scroll of random uselessness {unknown}
 o - a scroll of magic mapping {unknown}
Potions
 d - 2 potions of curing {unknown}
 h - 2 potions of resistance {unknown}
 i - a potion of lignification {unknown}


   Skills:
 - Level 1.5 Dodging
 - Level 1.2 Stealth
 - Level 3.0 Spellcasting
 + Level 3.0 Conjurations
   Level 0.7 Summonings
   Level 1.0 Translocations


You had 7 spell levels left.
You knew the following spells:

 Your Spells              Type           Power        Failure   Level
a - Magic Dart            Conj           ##..         6%          1

Your spell library contained the following spells:

 Spells                   Type           Power        Failure   Level
 Blink                    Tloc           N/A          22%         2
 Call Imp                 Summ           #.......     24%         2
 Slow                     Hex            #.......     32%         2
 Conjure Flame            Conj/Fire      #.......     34%         3
 Mephitic Cloud           Conj/Pois/Air  #.......     38%         3


Dungeon Overview and Level Annotations

Branches:
Dungeon (2/15)

Altars:


Innate Abilities, Weirdness & Mutations

You are completely covered in rugged brown scales. (AC +3, +7% HP)
You have supernaturally acute eyesight. (SInv)
Armour fits poorly on your strangely shaped body.
You can roll at foes to attack.
You have a long armoured tail.


Message History

You hit the gnoll.
The gnoll is almost dead.
The gnoll completely misses you.
The gnoll hits you from afar with a +0 halberd.
Unknown command.
You hit the gnoll.
You kill the gnoll!
Your Conjurations skill increases to level 3!
The jackal completely misses you.
You barely miss the jackal.
Your tail-slap misses the jackal.
The gnoll hits you but does no damage.
The jackal bites you but does no damage.
You hit the jackal but do no damage.
The jackal bites you but does no damage.
The gnoll hits you from afar with a +0 halberd!
* * * LOW HITPOINT WARNING * * *
The jackal closely misses you.
You closely miss the jackal.
Your tail-slap misses the jackal.
The gnoll hits you from afar with a +0 halberd.
You die...

### #.###################
#..!gh..............#
#g#################.# #.#
#.# #.############# #h#
#........h@.g.#####.#
#################.#.....#
#<...........# #.#..†..#
############.####.#.....###
#.(....#.#...g...#
#......#.#..:....#
###..†...#.#...g...#
.....>.................
###.........#####...##.


You could see a gnoll and a jackal.

Vanquished Creatures
  A gnoll (D:2)
  2 dart slugs (D:1)
  2 leopard geckos (D:1)
  A giant cockroach (D:1)
  4 hobgoblins (D:1)
  A jackal (D:2)
  A quokka (D:2)
  3 bats (D:1)
  4 goblins (D:1)
  2 kobolds
  2 rats
23 creatures vanquished.

Notes
Turn   | Place    | Note
-------+----------+-------------------------------------------
     0 | D:1      | strifetoe the Palentonga Hedge Wizard began the quest for
                  | the Orb.
     0 | D:1      | Reached XP level 1. HP: 14/14 MP: 4/4
    78 | D:1      | Reached skill level 1 in Conjurations
   194 | D:1      | Reached XP level 2. HP: 13/21 MP: 6/6
  1043 | D:2      | Reached XP level 3. HP: 21/27 MP: 7/7
  1108 | D:2      | Slain by a gnoll

Illustrated notes

Levels and vault maps discovered:
D:1:      matt_arrival_los_fun, layout_basic, chequers_jeans
D:2:      layout_basic, grunt_gozag_breadcrumbs, minmay_misc_feat_more_columns

Skill      XL: |  1  2  3 |
---------------+----------+-----
Conjurations   | 1 2 3 |  3.0
Dodging        | |  1.5
Stealth        | |  1.2
Spellcasting   | |  3.0
Summonings     | |  0.7
Translocations | |  1.0

Action                   || total
-------------------------++-------
Melee: Dagger            ||    29
       Tailslap          ||     2
       Spear             ||    26
 Cast: Magic Dart        ||    21
 Stab: Sleeping          ||     1
Armor: Robe              ||    19
Dodge: Dodged            ||    31

Table legend: (Time is in decaauts)
 A = Elapsed time spent in this place.
 B = Non-inter-level travel time spent in this place.
 C = Inter-level travel time spent in this place.
 D = Time resting spent in this place.
 E = Time spent auto-exploring this place.
 F = Levels seen in this place.
 G = Mean time per level.
                   A        B        C        D        E       F      G
               +--------+--------+--------+--------+--------+-----+--------+
         Total |   1109 |   1099 |     10 |    235 |    693 |   2 |  554.5 |
       Dungeon |   1109 |   1099 |     10 |    235 |    693 |   2 |  554.5 |
               +--------+--------+--------+--------+--------+-----+--------+

Top non-repeatable levels by time:
     D:1: 956 daAuts
     D:2: 152 daAuts
